 Dungeon Crawl Stone Soup version 0.31-b1-12-gca42e3d1b8 (webtiles) character file.

Game seed: 15283781056839606390

190984 groovy9 the Executioner (level 17, -3/252 HPs)
             Began as a Minotaur Berserker on Jan 14, 2024.
             Was the Champion of Trog.
             Slain by a +1 halberd of holy wrath (18 damage)
             ... on level 2 of the Elven Halls.
             The game lasted 01:24:23 (26969 turns).

groovy9 the Executioner (Minotaur Berserker)       Turns: 26969, Time: 01:24:24

Health: -3/252     AC: 28    Str: 32    XL:     17   Next: 56%
Magic:  16/16      EV:  2    Int:  4    God:    Trog [******]
Gold:   3485       SH:  0    Dex: 12    Spells: 16/16 levels left

rFire   . . .        N - +4 executioner's axe (spect)
rCold   . . .        (shield currently unavailable)
rNeg    . . .        X - melded +2 plate armour {rF+}
rPois   +            a - melded +1 hat {Will+}
rElec   .            p - melded scarf {rC+ rF+}
rCorr   .            Y - melded +1 pair of gloves "Muacwiet" {rF+ rCorr}
SInv    +            T - melded +1 pair of boots {rampage}
Will    +++..        V - amulet "Miguf" {Faith Str+4}
Stlth   +            x - ring of see invisible
HPRegen 2.42/turn    (no ring)
MPRegen 0.15/turn

%: faith
@: tree-form, strong-willed, on berserk cooldown, regenerating, unable to read
A: stationary, stasis, torment immunity, boosted hp, (horns 2), (retaliatory
headbutt), regeneration 1, inability to read after injury 1, persistent drain
}: 1/15 runes: gossamer
a: Renounce Religion, Berserk, Trog's Hand, Brothers in Arms


You were on level 2 of the Elven Halls.
You worshipped Trog.
Trog was exalted by your worship.
You were a tree.
You visited 6 branches of the dungeon, and saw 28 of its levels.

You collected 4167 gold pieces.
You spent 682 gold pieces at shops.

Inventory:

Hand Weapons
 o - a +4 flail
 N - a +4 spectral executioner's axe (weapon)
 Z - a +5 executioner's axe of flaming
Armour
 a - a +1 hat of willpower (melded)
 p - a scarf of resistance (melded)
 T - a +1 pair of boots of rampaging (melded)
 X - a +2 plate armour of fire resistance (melded)
 Y - the +1 pair of gloves "Muacwiet" (melded) {rF+ rCorr}
   (You bought it in a shop on level 1 of the Elven Halls)

   rF+:       It protects you from fire.
   rCorr:     It protects you from acid and corrosion.
Jewellery
 i - a ring of protection from cold
 s - a ring of poison resistance
 x - a ring of see invisible (left branch)
 O - an amulet of regeneration
 P - the ring of Juofowk {rCorr Dex+4 Stlth+}
   (You found it on level 1 of the Spider Nest)

   [ring of resist corrosion]

   Dex+4:     It affects your dexterity (+4).
   rCorr:     It protects you from acid and corrosion.
   Stlth+:    It makes you more stealthy.
 V - the amulet "Miguf" (around neck) {Faith Str+4}
   (You acquired it on level 12 of the Dungeon)

   [amulet of faith]

   Faith:     It allows you to gain divine favour quickly.
   Str+4:     It affects your strength (+4).
Wands
 b - a wand of quicksilver (18)
 m - a wand of flame (10)
 z - a wand of paralysis (29)
 B - a wand of iceblast (19)
 C - a wand of mindburst (27)
 G - a wand of polymorph (15)
 S - a wand of digging (5)
Scrolls
 c - 6 scrolls of immolation
 g - 8 scrolls of teleportation
 r - 4 scrolls of fear
 v - 5 scrolls of vulnerability
 y - 2 scrolls of identify
 E - 2 scrolls of blinking
 F - 3 scrolls of revelation
 H - a scroll of poison
 J - 3 scrolls of enchant armour
 K - 2 scrolls of fog
 U - a scroll of summoning
 W - a scroll of silence
Potions
 e - 9 potions of curing
 f - 4 potions of cancellation
 h - 7 potions of brilliance
 j - 2 potions of attraction
 k - 6 potions of mutation
 l - 4 potions of magic
 n - 2 potions of might
 q - 6 potions of ambrosia
 t - a potion of lignification
 u - 4 potions of resistance
 w - 3 potions of heal wounds
 A - 3 potions of enlightenment
 D - 2 potions of invisibility
 M - a potion of berserk rage
 Q - 3 potions of haste
Miscellaneous
 I - a phial of floods
 L - a lightning rod (4/4)
 R - a tin of tremorstones (2/2)


   Skills:
 + Level 19.0 Fighting
 - Level 24.0 Axes
 + Level 18.9 Armour
 + Level 7.2 Dodging
 + Level 9.1 Evocations


You had 16 spell levels left.
You didn't know any spells.
Your spell library was empty.

Dungeon Overview and Level Annotations

Branches:
Dungeon (14/15)            Temple (1/1) D:6            Lair (5/5) D:9
 Shoals (0/4) Lair:2       Spider (4/4) Lair:2        Slime (0/5) Lair:5
    Orc (2/2) D:10            Elf (2/3) Orc:2        Vaults (0/5) D:13

Altars:
Ashenzari
Cheibriados
Dithmenos
Elyvilon
Fedhas
Gozag
Hepliaklqana
Kikubaaqudgha
Makhleb
Nemelex Xobeh
Okawaru
Qazlal
Ru
Sif Muna
Trog
Uskayaw
Vehumet
Wu Jian
Xom
Yredelemnul
Zin
The Shining One
Jiyva

Shops:
D:5 :   D:6 *   D:12 ?   Orc:2 :[(*   Elf:1 [((*   Elf:2 (


Innate Abilities, Weirdness & Mutations

You are a tree.
Your roots penetrate the ground, keeping you stationary.
You cannot be teleported.
You are immune to unholy pain and torment.
Your maximum health is greatly increased.
Your equipment is partially melded.
((You have a pair of horns on your head.))
((You reflexively headbutt those who attack you in melee.))
Your natural rate of healing is unusually fast.
You occasionally lose the ability to read scrolls when taking damage.
Your health recovers twice as slowly from being drained.


Message History

The deep elf knight points at you and mumbles some strange words.
The lance of force hits you!!
* * * LOW HITPOINT WARNING * * *
You are knocked back by the lance of force.
You slam into the crystal wall!
* * * LOW HITPOINT WARNING * * *
You rampage towards the deep elf knight!
The deep elf knight blocks your attack.
Your headbutt misses the deep elf knight.
The deep elf knight is heavily wounded.
Your +4 spectral executioner's axe barely misses the deep elf knight.
The +1 halberd of holy wrath hits you but does no damage.
A +2 trident of venom comes into view.
You miss the deep elf knight.
The deep elf knight is heavily wounded.
Your +4 spectral executioner's axe hits the deep elf knight.
The +1 halberd of holy wrath hits you but does no damage.
The deep elf knight hits you with a +0 short sword.
* * * LOW HITPOINT WARNING * * *
The deep elf knight shoots an arrow.
The arrow hits you.
* * * LOW HITPOINT WARNING * * *
The deep elf knight blocks your attack.
The deep elf knight is heavily wounded.
Your +4 spectral executioner's axe misses the deep elf knight.
The +1 halberd of holy wrath hits you from afar!
* * * LOW HITPOINT WARNING * * *
The deep elf knight hits you but does no damage.
You cannot read scrolls in your current state!
You turn into a tree.
Your scarf of resistance melds into your body.
Your +1 hat of willpower melds into your body.
The +1 pair of gloves "Muacwiet" {rF+ rCorr} melds into your body.
Your +1 pair of boots of rampaging melds into your body.
Your +2 plate armour of fire resistance melds into your body.
You feel hot and cold all over.
You feel less strong-willed.
You no longer feel able to rampage towards enemies.
You feel less resistant to fire.
Your roots penetrate the ground.
Your +4 spectral executioner's axe disappears.
The +1 halberd of holy wrath hits you from afar!!
You die...

...#.......#... ....
..#.........#.. .....
.#...........#. .....
#.............# .....
#.............# .....
#...........# .....
#....(....# .....
#...e...# ...#.....
....#.)♣..#........#....
....(#e..#.....e....#...
......###........... #
...... ............ #
...... ............###
..... ..........#§..
....# #.... ...#..).
...# #... ..#..§§.
#..°(..


You could see 2 deep elf knights and 2 dancing weapons.

Vanquished Creatures
  Arachne (Spider:3)
  Jorgrun (D:14)
  A deep elf blademaster (Elf:1)
  The ghost of Vubreenic the Markscentaur, an adept CeHu of Okawaru (Spider:1)
  Gastronok (D:8)
  Louise (D:14)
  6 emperor scorpions
  2 deep elf sorcerers (Elf:1)
  6 ghost moths
  An orc warlord (Orc:2)
  A quicksilver ooze (Lair:4)
  An ironbound preserver (D:13)
  Nessos (D:14)
  4 broodmothers
  A deep elf death mage (Elf:1)
  Azrael (D:14)
  A dire elephant (Lair:5)
  A deep elf annihilator (Elf:1)
  A spark wasp (Spider:1)
  4 entropy weavers
  The ghost of Cheops the Bludgeoner, a journeyman MiFi of Ru (D:12)
  5 hydras
  4 centaur warriors
  2 catoblepae
  2 jorogumos
  20 dancing weapons
  5 boulder beetles
  4 two-headed ogres
  A deep troll shaman (Lair:5)
  5 death yaks (Lair:5)
  Urug (Lair:3)
  6 demonic crawlers
  Nergalle (D:10)
  3 orc high priests
  7 deep elf knights (Elf:1)
  A skyshark (Lair:3)
  5 pharaoh ants
  A sun moth (Spider:4)
  11 orb spiders
  6 deep elf archers
  A lindwurm (Lair:5)
  5 steelbarb worms
  23 deep elf zephyrmancers
  19 deep elf pyromancers
  2 orc knights (Orc:2)
  4 orc sorcerers
  23 wolf spiders
  6 ugly things
  3 cyclopes
  3 manticores
  5 moths of wrath
  3 gargoyles
  8 black mambas
  6 elephants (Lair:5)
  4 kobold blastminers
  A torpor snail (Spider:2)
  9 cane toads
  A freezing wraith (D:14)
  5 rime drakes
  A rime drake (shapeshifter) (D:13)
  2 efreet (D:13)
  8 komodo dragons
  Maggie (Lair:2)
  3 polar bears
  4 merfolk (Lair:2)
  3 hornets
  A queen bee (shapeshifter) (Elf:1)
  5 trolls
  15 tarantellas
  Grinder (D:4)
  12 blink frogs
  2 air elementals
  12 culicivoras
  4 slime creatures
  24 jumping spiders
  3 water elementals
  3 shadows
  5 fire elementals
  7 basilisks
  6 wyverns
  53 yaks
  42 redbacks
  Grum (D:10)
  3 wargs (Orc:2)
  6 vampire mosquitoes (D:12)
  2 acid dragons (D:11)
  4 hell hounds (D:14)
  13 water moccasins
  A sky beast (shapeshifter) (D:13)
  10 ice beasts
  30 orc warriors
  6 black bears
  2 laughing skulls (D:14)
  5 ogres
  A centaur (D:10)
  12 wolves
  Blork the orc (D:4)
  5 kobold brigands
  9 bullfrogs
  3 scorpions
  A gnoll sergeant (D:8)
  3 earth elementals
  3 wights (D:7)
  2 vampire bats (Lair:2)
  2 electric eels
  3 howler monkeys
  3 bombardier beetles
  2 hounds
  27 orc priests
  13 jellies
  3 iguanas
  A sleepcap (D:4)
  Ijyb (D:4)
  Terence (D:2)
  24 orc wizards
  3 hell rats (Lair:5)
  16 gnolls
  7 adders
  4 ufetubi
  3 ribbon worms
  3 dart slugs
  86 orcs
  11 bats
  19 endoplasms
  5 giant cockroaches
  2 goblins (D:1)
  10 hobgoblins
  3 jackals (D:2)
  4 quokkas
  4 ball pythons
  A frilled lizard (D:1)
  31 kobolds
  12 rats
903 creatures vanquished.

Vanquished Creatures (others)
  A deep elf knight (Elf:1)
  An orc (D:8)
  3 spectral weapons
5 creatures vanquished.

Grand Total: 908 creatures vanquished

Notes
Turn   | Place    | Note
-------+----------+-------------------------------------------
     0 | D:1      | groovy9 the Minotaur Berserker began the quest for the Orb.
     0 | D:1      | Reached XP level 1. HP: 19/19 MP: 0/0
    69 | D:1      | Reached skill level 4 in Axes
    69 | D:1      | Reached XP level 2. HP: 17/27 MP: 1/1
   458 | D:1      | Reached XP level 3. HP: 32/33 MP: 2/2
   998 | D:2      | Reached ** piety under Trog
  1097 | D:2      | Noticed Terence
  1108 | D:2      | Killed Terence
  1109 | D:2      | Reached skill level 5 in Axes
  1109 | D:2      | Reached XP level 4. HP: 41/41 MP: 3/3
  2322 | D:3      | Found a hazy altar of Hepliaklqana.
  2431 | D:3      | Reached XP level 5. HP: 47/47 MP: 4/4
  2651 | D:4      | Noticed Ijyb
  2659 | D:4      | Killed Ijyb
  2667 | D:4      | Reached skill level 6 in Axes
  2738 | D:4      | Reached skill level 5 in Fighting
  2852 | D:4      | Reached XP level 6. HP: 38/56 MP: 5/5
  3108 | D:4      | Noticed Blork the orc
  3116 | D:4      | Killed Blork the orc
  3117 | D:4      | Reached skill level 7 in Axes
  3163 | D:4      | Noticed Grinder
  3171 | D:4      | Killed Grinder
  3172 | D:4      | Reached skill level 5 in Armour
  3172 | D:4      | Reached XP level 7. HP: 63/63 MP: 6/6
  3402 | D:5      | Entered Level 5 of the Dungeon
  3480 | D:5      | Reached skill level 8 in Axes
  3490 | D:5      | Found Vunyin's Book Shop.
  3641 | D:5      | Reached XP level 8. HP: 71/71 MP: 7/7
  4035 | D:5      | Reached skill level 9 in Axes
  4388 | D:6      | Found Qafur's Assorted Antiques.
  4473 | D:6      | Found a snail-covered altar of Cheibriados.
  4544 | D:6      | Found a staircase to the Ecumenical Temple.
  5150 | D:6      | Noticed a slime creature
  5157 | D:6      | Reached skill level 10 in Axes
  5165 | D:6      | Killed a slime creature
  5325 | Temple   | Entered the Ecumenical Temple
  5539 | D:7      | Reached XP level 9. HP: 81/81 MP: 8/8
  5625 | D:7      | Reached skill level 11 in Axes
  6042 | D:8      | Identified the +4 ring mail "Apeyjiph" {Fly rCorr Int+2
                  | Stlth+}
  6197 | D:8      | Noticed Gastronok
  6338 | D:8      | Killed Gastronok
  6339 | D:8      | Reached skill level 12 in Axes
  6355 | D:8      | Reached XP level 10. HP: 59/91 MP: 9/9
  6593 | D:8      | Reached *** piety under Trog
  6781 | D:8      | You fall into a shaft and drop 1 floor!
  6816 | D:9      | Noticed a two-headed ogre
  6833 | D:9      | Killed a two-headed ogre
  6834 | D:9      | Reached skill level 10 in Fighting
  6834 | D:9      | Reached skill level 13 in Axes
  6885 | D:9      | Found a staircase to the Lair.
  7209 | D:9      | Reached skill level 10 in Armour
  7263 | D:9      | Reached skill level 14 in Axes
  7277 | D:9      | Found a stormy altar of Qazlal.
  7282 | D:9      | Found an opulent altar of Gozag.
  7282 | D:9      | Found a sparkling altar of Nemelex Xobeh.
  7293 | D:9      | Found a glowing golden altar of the Shining One.
  7296 | D:9      | Found a blossoming altar of Fedhas.
  7800 | D:9      | Reached XP level 11. HP: 101/101 MP: 10/10
  8160 | D:9      | Found a bloodstained altar of Trog.
  8196 | D:9      | Found a radiant altar of Vehumet.
  8257 | D:10     | Entered Level 10 of the Dungeon
  8470 | D:10     | Found an iron altar of Okawaru.
  8605 | D:10     | Noticed a two-headed ogre
  8613 | D:10     | Killed a two-headed ogre
  8630 | D:10     | Noticed Grum
  8637 | D:10     | Killed Grum
  8638 | D:10     | Reached skill level 15 in Axes
  9339 | D:10     | Noticed Nergalle
  9348 | D:10     | Killed Nergalle
  9483 | D:10     | Noticed a two-headed ogre
  9490 | D:10     | Killed a two-headed ogre
  9627 | D:10     | Found a staircase to the Orcish Mines.
  9636 | Orc:1    | Entered Level 1 of the Orcish Mines
  9636 | Orc:1    | Noticed an orc sorcerer
  9642 | D:10     | Killed an orc sorcerer
  9924 | Orc:1    | Reached skill level 16 in Axes
 10177 | Orc:1    | Found a shimmering blue altar of Sif Muna.
 10341 | Orc:2    | Entered Level 2 of the Orcish Mines
 10347 | Orc:2    | Noticed an orc sorcerer
 10349 | Orc:2    | Noticed a sixfirhy
 10349 | Orc:2    | Noticed an orc warlord
 10562 | Orc:2    | Noticed an orc high priest
 10563 | Orc:2    | Noticed an orc high priest
 10568 | Orc:2    | Killed an orc sorcerer
 10570 | Orc:2    | Noticed a soul eater
 10574 | Orc:2    | Killed an orc warlord
 10582 | Orc:1    | Killed an orc high priest
 10831 | Orc:2    | Killed an orc high priest
 10832 | Orc:2    | Reached XP level 12. HP: 113/113 MP: 11/11
 10846 | Orc:2    | Found Neda's Antique Weapon Shoppe.
 10936 | Orc:2    | Found Naculeof's Antique Armour Shop.
 10973 | Orc:2    | Noticed an orc high priest
 11117 | Orc:2    | Killed an orc high priest
 11137 | Orc:2    | Reached skill level 17 in Axes
 11606 | Orc:2    | Reached **** piety under Trog
 11669 | Orc:2    | Found Voelogoi's Book Shop.
 11801 | Orc:2    | Found Inyol's General Store.
 11832 | Orc:2    | Bought a scroll of identify for 30 gold pieces
 12012 | Orc:2    | Found a staircase to the Elven Halls.
 12321 | Lair:1   | Entered Level 1 of the Lair of Beasts
 12472 | Lair:1   | Reached skill level 18 in Axes
 13513 | Lair:2   | Reached ***** piety under Trog
 13749 | Lair:2   | Found a hole to the Spider Nest.
 13763 | Lair:2   | Reached XP level 13. HP: 95/123 MP: 12/12
 13922 | Lair:2   | Noticed Maggie
 13932 | Lair:2   | Killed Maggie
 14075 | Lair:2   | Found a staircase to the Shoals.
 14492 | Lair:2   | Reached skill level 19 in Axes
 15028 | Lair:3   | Received a gift from Trog
 15496 | Lair:3   | Noticed Urug
 15507 | Lair:3   | Killed Urug
 16973 | Lair:4   | Noticed a quicksilver ooze
 16988 | Lair:4   | Killed a quicksilver ooze
 17212 | Lair:5   | Entered Level 5 of the Lair of Beasts
 17219 | Lair:5   | Reached skill level 20 in Axes
 17419 | Lair:5   | Reached skill level 15 in Fighting
 17445 | Lair:5   | Found a staircase to the Slime Pits.
 17445 | Lair:5   | Found a viscous altar of Jiyva.
 17553 | Lair:5   | Found a shimmering altar of Xom.
 17562 | Lair:5   | Reached XP level 14. HP: 119/135 MP: 13/13
 17686 | Lair:5   | Reached skill level 15 in Armour
 17934 | Lair:5   | Received a gift from Trog
 17952 | Lair:5   | Gained mutation: You occasionally lose the ability to read
                  | scrolls when taking damage. [mutagenic glow]
 17964 | Lair:5   | Gained mutation: Your natural rate of healing is unusually
                  | fast. [mutagenic glow]
 17982 | Lair:5   | Gained mutation: Your health recovers twice as slowly from
                  | being drained. [mutagenic glow]
 18076 | Lair:5   | Reached skill level 21 in Axes
 18395 | Spider:1 | Entered Level 1 of the Spider Nest
 18407 | Spider:1 | Reached skill level 1 in Evocations
 18754 | Spider:1 | Noticed a ghost moth
 18758 | Spider:1 | Killed a ghost moth
 18781 | Spider:1 | Found a transporter.
 18784 | Spider:1 | Noticed an emperor scorpion
 18785 | Spider:1 | Noticed Vubreenic's ghost (adept CeHu)
 18802 | Spider:1 | Found a transporter.
 18849 | Spider:1 | Killed Vubreenic's ghost
 18853 | Spider:1 | Killed an emperor scorpion
 18853 | Spider:1 | Received a gift from Trog
 18865 | Spider:1 | Identified the ring of Juofowk {rCorr Dex+4 Stlth+}
 19017 | Spider:1 | Noticed a ghost moth
 19020 | Spider:1 | Killed a ghost moth
 19021 | Spider:1 | Noticed a ghost moth
 19024 | Spider:1 | Killed a ghost moth
 19025 | Spider:1 | Reached skill level 22 in Axes
 19025 | Spider:1 | Reached XP level 15. HP: 137/144 MP: 7/14
 19242 | Spider:1 | Identified a scroll of acquirement
 19242 | Spider:1 | Acquired 1195 gold pieces
 20544 | Spider:3 | Received a gift from Trog
 20549 | Spider:3 | Noticed Arachne
 20555 | Spider:3 | Killed Arachne
 20556 | Spider:3 | Reached skill level 5 in Evocations
 21056 | Spider:4 | Entered Level 4 of the Spider Nest
 21076 | Spider:4 | Noticed an emperor scorpion
 21079 | Spider:4 | Reached skill level 23 in Axes
 21085 | Spider:4 | Killed an emperor scorpion
 21284 | Spider:4 | Noticed an emperor scorpion
 21298 | Spider:4 | Killed an emperor scorpion
 21312 | Spider:4 | Noticed an emperor scorpion
 21392 | Spider:4 | Killed an emperor scorpion
 21444 | Spider:4 | Reached XP level 16. HP: 14/155 MP: 1/15
 21445 | Spider:4 | HP: 5/155 [ghost moth (4)]
 21776 | Spider:4 | Got a gossamer rune of Zot
 22905 | D:12     | Found a runed translucent door.
 22916 | D:12     | Noticed Cheops's ghost (journeyman MiFi)
 22917 | D:12     | Received a gift from Trog
 23093 | D:12     | Found Nouneish's Magic Scroll Shoppe.
 23112 | D:12     | Bought a scroll of teleportation for 48 gold pieces
 23112 | D:12     | Bought a scroll of blinking for 120 gold pieces
 23112 | D:12     | Bought a scroll of teleportation for 48 gold pieces
 23207 | D:12     | Acquired the amulet "Miguf" {Faith Str+4}
 23376 | D:12     | Killed Cheops's ghost
 23450 | D:13     | Found a gate to the Vaults.
 23692 | D:13     | Reached skill level 24 in Axes
 24118 | D:14     | Noticed Nessos
 24120 | D:14     | Killed Nessos
 24224 | D:14     | Noticed Jorgrun
 24225 | D:14     | Noticed Azrael
 24235 | D:14     | Killed Jorgrun
 24236 | D:14     | Killed Azrael
 24351 | D:14     | Acquired 809 gold pieces
 24509 | D:14     | Noticed Louise
 24522 | D:14     | Killed Louise
 24746 | D:14     | Found a bloodstained altar of Trog.
 25155 | Elf:1    | Entered Level 1 of the Elven Halls
 25361 | Elf:1    | Found Enwuxtute's Antique Weapon Shoppe.
 25482 | Elf:1    | Found a huge runed translucent gate.
 25483 | Elf:1    | Found a huge runed translucent gate.
 25483 | Elf:1    | Found a huge runed translucent gate.
 25483 | Elf:1    | Found a huge runed translucent gate.
 25493 | Elf:1    | Found a huge runed translucent gate.
 25494 | Elf:1    | Found a huge runed translucent gate.
 25494 | Elf:1    | Found a huge runed translucent gate.
 25494 | Elf:1    | Found a huge runed translucent gate.
 25494 | Elf:1    | Found a huge runed translucent gate.
 25494 | Elf:1    | Found a huge runed translucent gate.
 25494 | Elf:1    | Found a huge runed translucent gate.
 25494 | Elf:1    | Found a huge runed translucent gate.
 25497 | Elf:1    | Found a huge runed translucent gate.
 25498 | Elf:1    | Found a huge runed translucent gate.
 25498 | Elf:1    | Found a huge runed translucent gate.
 25498 | Elf:1    | Found a huge runed translucent gate.
 25499 | Elf:1    | Found a huge runed translucent gate.
 25499 | Elf:1    | Found a huge runed translucent gate.
 25500 | Elf:1    | Found a huge runed translucent gate.
 25500 | Elf:1    | Found a huge runed translucent gate.
 25501 | Elf:1    | Noticed a deep elf blademaster
 25509 | Elf:1    | Killed a deep elf blademaster
 25510 | Elf:1    | Reached skill level 5 in Dodging
 25511 | Elf:1    | Received a gift from Trog
 25512 | Elf:1    | Reached XP level 17. HP: 166/166 MP: 16/16
 25601 | Elf:1    | Found Foigur's Assorted Antiques.
 25681 | Elf:1    | Found Xiovydipn's Weapon Emporium.
 25853 | Elf:1    | Found Palebubo's Armour Emporium.
 25869 | Elf:1    | Received a gift from Trog
 26004 | Elf:1    | Reached ****** piety under Trog
 26114 | Elf:1    | Bought the +1 pair of gloves "Muacwiet" {rF+ rCorr} for 436
                  | gold pieces
 26472 | Elf:2    | Found Zacwoor's Antique Weapon Emporium.
 26498 | Elf:2    | Paralysed by an air elemental for 1 turns
 26889 | Elf:2    | Found a runed translucent gate.
 26889 | Elf:2    | Found a runed translucent gate.
 26889 | Elf:2    | Found a runed translucent gate.
 26915 | Elf:2    | Received a gift from Trog
 26968 | Elf:2    | HP: 8/168 [+1 halberd of holy wrath (7)]
 26969 | Elf:2    | Slain by a +1 halberd of holy wrath

Illustrated notes

Levels and vault maps discovered:
D:1:      psy_arrival_heroes, layout_loops_ring, serial_aquarium,
          aquarium_bridge_straight [aquarium_subvault_bridge,
          aquarium_subvault_wall, aquarium_subvault_bridge,
          aquarium_subvault_balcony], aquarium_bridge_square
          [aquarium_subvault_bridge, aquarium_subvault_window,
          aquarium_subvault_wall, aquarium_subvault_window],
          aquarium_window_corridor_3, aquarium_window_1, aquarium_window_1,
          aquarium_window_2, aquarium_view_4, aquarium_view_2c,
          aquarium_pool_five
D:2:      layout_loops_ring, serial_forest, infiniplex_forest_lined_4_way,
          infiniplex_forest_clump_small, infiniplex_forest_lined_2,
          infiniplex_forest_corner_1, infiniplex_forest_end_1,
          infiniplex_forest_split, uniq_terence
D:3:      layout_loops_ring, nicolae_hepliaklqana_hippocampus, minivault_14
D:4:      layout_rooms, serial_corexii_hall, chequers_hall_statues_wall_a,
          corexii_hall_statues_t, corexii_hall_statues_i, uniq_grinder,
          uniq_ijyb, uniq_blork_the_orc
D:5:      cheibrodos_quashed, layout_basic, serial_shops, shop_fountains
D:6:      lemuel_slime, layout_basic, kennysheep_slug_shrine, temple_fountains,
          serial_shops, nicolae_shop_overgrown_old_shop, lemuel_flamethrower_2
D:7:      layout_basic, nrook_mini_backslash
D:8:      layout_loops_ring, minmay_misc_feat_four_crosses, uniq_gastronok
D:9:      layout_stronghold, jmf_multi_god_temple2,
          minmay_overflow_temple_star_hex, hellmonk_lair_entry_icy
D:10:     layout_stronghold, okawaru_altar_gauntlet_db, david_orc_4, uniq_grum,
          uniq_nergalle
D:11:     layout_long_grid
D:12:     layout_cave_pools, hellmonk_ghost_happy_afterlife, serial_glass,
          glass_columns_a, glass_columns_a, item_on_display_a,
          item_on_display_a, serial_shops, shop, kennysheep_another_room,
          dreamdust_mushroom_princess
D:13:     layout_cross, skrybe_vaults_entry_preservation
D:14:     layout_loops_cross, corexii_leaking_fountain, tgw_trog, uniq_azrael,
          uniq_louise, uniq_nessos, uniq_jorgrun
Temple:   hellmonk_temple_two_chambers
Lair:1:   layout_misc_corridors, beast_lair_carwin_7, grunt_megastairs_3,
          serial_bayou_shore_a
Lair:2:   layout_concentric_octagons, elwin_shoals_entry_stream,
          spider_nest_entry_webs, fungi_pond_lemuel, roderic_batcave,
          lemuel_fruit_fields, uniq_maggie
Lair:3:   layout_roguey, lemuel_fruit_fields, lemuel_fruit_fields, uniq_urug
Lair:4:   layout_regular_city, nicolae_lair_time_for_slime
Lair:5:   grunt_lair_end_beastmaster, layout_loops_ring,
          minmay_slime_entry_pillars, basic_altar, grunt_megastairs_5
Spider:1: layout_spider_delve, gammafunk_ghost_berserking_beasts,
          hangedman_spider_mandibles
Spider:2: layout_spider_delve
Spider:3: layout_spider_delve, hangedman_spider_tarantella_strand, uniq_arachne
Spider:4: guppyfry_spider_rune
Orc:1:    layout_caves, basic_altar, kennysheep_orc_sif_temple
Orc:2:    grunt_orc_gardens, layout_caves, grunt_orc_garden, grunt_orc_garden,
          grunt_orc_garden, grunt_orc_garden
Elf:1:    nicolae_elf_arrival_fired_up, layout_onion_city, serial_shops, shop,
          nicolae_shop_advertising_works [nicolae_subvault_shop_adworks], shop,
          nicolae_shop_peninsula, hangedman_elf_represent
Elf:2:    nicolae_elf_blades_splatter_lattice [nicolae_blade_little_rooms],
          layout_onion_city, serial_shops, nicolae_shop_peninsula,
          nrook_loot_triangle

Skill      XL: |  1  2  3  4  5  6  7  8  9 10 11 12 13 14 15 16 17 |
---------------+----------------------------------------------------+-----
Axes           | 4 5 6 7 8 10 12 14 16 18 20 22 23 24 | 24.0
Fighting       | 4 5 6 7 9 10 12 13 15 16 17 18 19 | 19.0
Armour         | 3 4 5 6 7 9 10 12 13 14 16 17 18 | 18.9
Evocations     | 3 5 8 9 |  9.1
Dodging        | 5 7 |  7.2

Action                     |  1- 3 |  4- 6 |  7- 9 | 10-12 | 13-15 | 16-18 || total
---------------------------+-------+-------+-------+-------+-------+-------++-------
  Melee: Hand axe          |    63 |    95 |       |       |       |       ||   158
         Headbutt          |    10 |    19 |    52 |   102 |   150 |    93 ||   426
         War axe           |       |     7 |   227 |   154 |       |       ||   388
         Punch             |       |       |     3 |     3 |       |       ||     6
         Battleaxe         |       |       |       |   359 |   199 |       ||   558
         Broad axe         |       |       |       |       |   131 |       ||   131
         Flail             |       |       |       |       |    11 |       ||    11
         Executioner's axe |       |       |       |       |   309 |   354 ||   663
 Invoke: Berserk           |     2 |     2 |     9 |    20 |    12 |     5 ||    50
         Trog's Hand       |       |     4 |     9 |    18 |    11 |     7 ||    49
  Evoke: Wand              |       |       |       |       |       |     1 ||     1
    Use: Scroll            |     4 |     3 |    12 |     4 |    11 |     7 ||    41
         Potion            |       |       |       |     2 |     1 |     7 ||    10
   Stab: Distracted        |       |       |       |       |     8 |     4 ||    12
 Armour: Animal skin       |    25 |       |       |       |       |       ||    25
         Chain mail        |    10 |    58 |       |       |       |       ||    68
         Scale mail        |       |    19 |   174 |   396 |   189 |       ||   778
         Plate armour      |       |       |       |       |   502 |   281 ||   783
         Skin              |       |       |       |       |       |     1 ||     1
  Dodge: Dodged            |    43 |    39 |    97 |   243 |   250 |    83 ||   755
